 Dungeon Crawl Stone Soup version 0.31-a0-210-gccc998df9b (webtiles) character file.

Game seed: 13225557582099817365

80 funkygono the Covered (level 4, -1/40 HPs)
             Began as a Minotaur Fighter on June 29, 2023.
             Slain by a gnoll
             ... wielding a +0 halberd
              (5 damage)
             ... on level 2 of the Dungeon.
             The game lasted 00:01:36 (1178 turns).

funkygono the Covered (Minotaur Fighter)            Turns: 1178, Time: 00:01:36

Health: -1/40      AC:  9    Str: 22    XL:     4   Next: 18%
Magic:  3/3        EV:  8    Int: 11    God:
Gold:   85         SH:  4    Dex: 10    Spells: 3/3 levels left

rFire   . . .        a - +0 war axe
rCold   . . .        c - +0 buckler
rNeg    . . .        h - +0 chain mail
rPois   .            (helmet restricted)
rElec   .            (no cloak)
rCorr   .            (no gloves)
SInv    .            (no boots)
Will    .....        (no amulet) Stlth
                     j - +6 ring of intelligence
HPRegen 0.26/turn    (no ring)
MPRegen 0.08/turn

%: no passive effects
@: lethally poisoned (-1 -> -1)
A: horns 2, retaliatory headbutt
a: no special abilities


You were on level 2 of the Dungeon.
You visited 1 branch of the dungeon, and saw 2 of its levels.

You collected 85 gold pieces.

Inventory:

Hand Weapons
 a - a +0 war axe (weapon)
Missiles
 e - 18 stones
 n - 8 boomerangs
Armour
 c - a +0 buckler (worn)
 h - a +0 chain mail (worn)
Jewellery
 j - a +6 ring of intelligence (left hand)
Scrolls
 f - a scroll of revelation {unknown}
 g - a scroll of identify {unknown}
 i - a scroll of enchant weapon {unknown}
Potions
 b - 3 potions of lignification {unknown}
 d - a potion of might
 k - a potion of degeneration {unknown}
 l - a potion of mutation {unknown}
 m - a potion of enlightenment {unknown}


   Skills:
 + Level 4.2 Fighting
 + Level 3.8 Axes
 + Level 4.5 Armour
 + Level 0.1 Dodging
 + Level 3.9 Shields


You had 3 spell levels left.
You didn't know any spells.
Your spell library contained the following spells:

 Spells                   Type           Power      Damage    Failure   Level
 Dazzling Flash           Conj/Hex       0%         N/A       100%        3
 Volatile Blastmotes      Fire/Tloc      0%         2d10      100%        3
 Iskenderun's Mystic Bla  Conj/Tloc      0%         2d3       100%        4
 Starburst                Conj/Fire      0%         6d3       100%        6


Dungeon Overview and Level Annotations

Branches:
Dungeon (2/15)

Altars:


Innate Abilities, Weirdness & Mutations

You have a pair of horns on your head.
You reflexively headbutt those who attack you in melee.


Message History

You see here a bat corpse.
A gnoll comes into view. It is wielding a +0 halberd of venom.
You see here a ball python corpse.
The gnoll shouts!
A gnoll comes into view. It is wielding a +0 halberd.
There is an open door here.
The gnoll shouts!
You hear a shout!
The gnoll closely misses you.
A gnoll comes into view. It is wielding a +0 rapier.
There is an open door here.
You see here a ball python corpse.
The gnoll hits you with a +0 halberd of venom!
You are poisoned.
You hit the gnoll.
The gnoll is moderately wounded.
You feel very sick. The gnoll barely misses you. x2
You closely miss the gnoll.
The gnoll is moderately wounded.
You feel very sick. The gnoll barely misses you. You furiously retaliate!
You headbutt the gnoll!
You kill the gnoll!
The gnoll closely misses you. The gnoll hits you but does no damage.
You feel sick. The gnoll barely misses you.
You see here a +0 halberd of venom.
You barely miss the gnoll.
You feel sick. The gnoll hits you with a +0 halberd!
* * * LOW HITPOINT WARNING * * *
You hit the gnoll.
The gnoll is heavily wounded.
You feel sick. The gnoll barely misses you.
The gnoll hits you with a +0 halberd.
* * * LOW HITPOINT WARNING * * *
A gnoll comes into view. It is wielding a +0 whip.
You hit the gnoll but do no damage.
The gnoll is heavily wounded.
You feel sick. The gnoll hits you but does no damage.
You closely miss the gnoll.
The gnoll is heavily wounded.
You feel sick. The gnoll hits you with a +0 halberd.
You die...

#.###.#)###########'########.
#...g....................<...
#.###.#.####################'
# #.#+### #.'..# #.....
#...###.....# #†#..# #.....
............# #.#### #.....
....####....# #.# #.....
............#####.######
#.....
..........gg@........#######'
######...>##########..)..# #†
#....# #####.# #. ######
######+###. #..........
#.......... #..........
#.......... #..........


You could see 2 gnolls.

Vanquished Creatures
  Jessica (D:2)
  A gnoll (D:2)
  A worm (D:2)
  A dart slug (D:1)
  6 ball pythons
  3 bats (D:2)
  5 endoplasms
  3 giant cockroaches
  3 hobgoblins
  3 jackals (D:1)
  2 quokkas
  2 frilled lizards
  A goblin (D:1)
  3 kobolds
  A rat (D:1)
36 creatures vanquished.

Notes
Turn   | Place    | Note
-------+----------+-------------------------------------------
     0 | D:1      | funkygono the Minotaur Fighter began the quest for the Orb.
     0 | D:1      | Reached XP level 1. HP: 19/19 MP: 0/0
   418 | D:1      | Reached XP level 2. HP: 26/27 MP: 1/1
   912 | D:2      | Reached XP level 3. HP: 27/33 MP: 2/2
  1060 | D:2      | Noticed Jessica
  1064 | D:2      | Killed Jessica
  1065 | D:2      | Reached XP level 4. HP: 40/40 MP: 3/3
  1178 | D:2      | Slain by a gnoll

Illustrated notes

Levels and vault maps discovered:
D:1:      dpeg_arrival_rooms_with_view, layout_basic, roderic_serpentine_path,
          minivault_27, grunt_decor_resistance, nrook_campfire
D:2:      layout_basic, serial_park_tiny_2, supply_closet_lemuel, uniq_jessica

Skill      XL: |  1  2  3 |
---------------+----------+-----
Armour         | 4 |  4.5
Fighting       | 4 |  4.2
Axes           | 3 |  3.8
Dodging        | |  0.1
Shields        | |  3.9

Action                     |  1- 3 |  4- 6 || total
---------------------------+-------+-------++-------
  Melee: War axe           |    63 |    11 ||    74
         Headbutt          |     9 |       ||     9
 Armour: Chain mail        |    52 |     5 ||    57
         Scale mail        |     1 |       ||     1
  Dodge: Dodged            |    32 |    12 ||    44
  Block: Buckler           |    13 |     2 ||    15

Table legend: (Time is in decaauts)
 A = Elapsed time spent in this place.
 B = Non-inter-level travel time spent in this place.
 C = Inter-level travel time spent in this place.
 D = Time resting spent in this place.
 E = Time spent auto-exploring this place.
 F = Levels seen in this place.
 G = Mean time per level.
                   A        B        C        D        E       F      G
               +--------+--------+--------+--------+--------+-----+--------+
         Total |   1207 |   1184 |     23 |      0 |    885 |   2 |  603.5 |
       Dungeon |   1207 |   1184 |     23 |      0 |    885 |   2 |  603.5 |
               +--------+--------+--------+--------+--------+-----+--------+

Top non-repeatable levels by time:
     D:1: 898 daAuts
     D:2: 309 daAuts
